 Dungeon Crawl Stone Soup version 0.24-a0-451-g263dff2034 (webtiles) character file.

Game seed: 11095924603397765136

13536 Craser22 the Severer (level 11, -9/92 HPs)
             Began as a Minotaur Berserker on June 26, 2019.
             Was a High Priest of Trog.
             Mangled by a komodo dragon (17 damage)
             ... on level 1 of the Lair of Beasts.
             The game lasted 00:59:29 (12129 turns).

Craser22 the Severer (Minotaur Berserker)          Turns: 12129, Time: 00:59:30

Health: -9/92      AC: 16    Str: 21    XL:     11   Next: 76%
Magic:  10/10      EV:  7    Int:  4    God:    Trog [*****.]
Gold:   457        SH:  0    Dex: 14    Spells: 10/10 levels left

rFire    + . .     SeeInvis +   a - +5 executioner's axe (chop)
rCold    . . .     Gourm    .   (shield currently unavailable)
rNeg     + . .     Faith    +   l - +0 plate armour (curse)
rPois    .         Spirit   .   S - +2 hat {SInv}
rElec    .         Reflect  .   O - scarf {repulsion}
rCorr    .         Harm     .   (no gloves)
MR       .....                  g - +0 pair of boots (curse)
Stlth    ..........             o - amulet of faith
HPRegen  0.25/turn              t - ring of protection from fire
MPRegen  0.12/turn              K - ring of positive energy

@: berserk cooldown, slowed, repel missiles, very slow
A: retaliatory headbutt, horns 2
a: Berserk, Trog's Hand, Brothers in Arms, Renounce Religion


You were on level 1 of the Lair of Beasts.
You worshipped Trog.
Trog was extremely pleased with you.
You were not hungry.

You visited 2 branches of the dungeon, and saw 11 of its levels.
You also visited: Ossuary.

You collected 603 gold pieces.
You spent 146 gold pieces at shops.


Innate Abilities, Weirdness & Mutations

You reflexively headbutt those who attack you in melee.
You have a pair of horns on your head.


   Skills:
 + Level 7.2 Fighting
 + Level 19.3 Axes
 + Level 6.7 Armour
 - Level 2.1 Dodging


You had 10 spell levels left.
You didn't know any spells.
Your spell library was empty.

Inventory:

Hand Weapons
 a - a +5 executioner's axe of chopping (weapon)
 b - a +5 antimagic battleaxe
 k - a cursed -2 flail
 w - a +0 flail
Missiles
 q - 226 stones (quivered)
 J - a throwing net {=f}
Armour
 g - a cursed +0 pair of boots (worn)
 l - a cursed +0 plate armour (worn)
 O - a scarf of repulsion (worn)
 S - a +2 hat of see invisible (worn)
Jewellery
 e - an uncursed ring of see invisible
 o - an amulet of faith (around neck)
 t - a ring of protection from fire (left hand)
 K - a ring of positive energy (right hand)
 L - an uncursed amulet of magic regeneration
Wands
 p - a wand of digging (4)
Scrolls
 d - 3 scrolls of immolation {unknown}
 i - a scroll of acquirement {unknown}
 m - a scroll of noise {unknown}
 n - 6 scrolls of teleportation {unknown}
 r - a scroll of remove curse {unknown}
 s - 3 scrolls of fear {unknown}
 u - 2 scrolls of enchant weapon {unknown}
 y - 2 scrolls of magic mapping {unknown}
 B - a scroll of holy word {unknown}
 G - 2 scrolls of torment {unknown}
 I - a scroll of random uselessness {unknown}
 N - 3 scrolls of enchant armour {unknown}
Potions
 f - 4 potions of curing {@q1}
 h - a potion of magic {unknown}
 j - 2 potions of heal wounds {unknown}
 v - 3 potions of haste {@q3}
 x - a potion of degeneration {unknown}
 z - 2 potions of lignification {!q}
 A - 2 potions of invisibility {unknown}
 C - 2 potions of resistance {unknown}
 D - a potion of cancellation {unknown}
 E - 2 potions of mutation {!q}
 F - a potion of ambrosia {unknown}
 H - a potion of might {unknown}
 M - a potion of experience {unknown}
 Q - 2 potions of flight
Comestibles
 c - 22 rations

Dungeon Overview and Level Annotations

Branches:
Dungeon (10/15)            Temple (0/1) D:6            Lair (1/6) D:8
    Orc (0/2) D:9

Altars:
Ashenzari
Elyvilon
Fedhas
Gozag
Okawaru
Sif Muna
Vehumet
Zin
The Shining One

Shops:
D:8 =   D:9 *   D:10 *

Annotations:
D:6 exclusion: statue

▒▒......).....▒
▒▒.....P......▒......
▒......▒......▒..▒.F
▒▒▒....▒......▒.... ▒
▒▒▒.........▒... .▒
▒..▒.........▒▒..▒.
▒..▒......▒........
▒...▒.▒▒.▒▒........
▒..Hl..............
▒▒▒▒▒▒▒▒▒.▒▒▒▒P▒▒..
▒▒▒


You could see a komodo dragon.


Message History

You completely miss the bullfrog. Your headbutt misses the bullfrog.
The bullfrog hits you but does no damage.
The bullfrog hits you but does no damage.
The bullfrog hits you but does no damage.
You closely miss the bullfrog.
The bullfrog hits you but does no damage.
The bullfrog completely misses you.
Your plate armour prevents you from hitting the bullfrog.
The bullfrog hits you but does no damage.
The bullfrog hits you.
* * * LOW HITPOINT WARNING * * *
You hit the bullfrog.
The bullfrog is lightly wounded.
The bullfrog hits you.
* * * LOW HITPOINT WARNING * * *
The bullfrog hits you but does no damage.
The bullfrog closely misses you.
You slash the bullfrog! Your headbutt misses the bullfrog.
The bullfrog is heavily wounded.
The bullfrog barely misses you. You furiously retaliate!
You headbutt the bullfrog.
The bullfrog hits you but does no damage.
You slice the bullfrog!!
You kill the bullfrog!
Trog accepts your kill. The komodo dragon bites you!
You die...

Action                   |  1- 3 |  4- 6 |  7- 9 | 10-12 || total
-------------------------+-------+-------+-------+-------++-------
Melee: Hand axe          |   118 |    78 |    69 |       ||   265
       Headbutt          |    11 |    14 |    74 |    63 ||   162
       War axe           |       |       |   282 |    67 ||   349
       Battleaxe         |       |       |       |   222 ||   222
       Executioner's axe |       |       |       |    61 ||    61
Invok: Berserk           |       |     2 |     8 |     4 ||    14
Evoke: Wand              |       |       |       |     1 ||     1
  Use: Scroll            |       |     2 |     7 |     5 ||    14
  Eat: Chunk             |     3 |     2 |    17 |    12 ||    34
       Ration            |       |     1 |     2 |     2 ||     5
Armor: Ring mail         |     8 |       |       |       ||     8
       Animal skin       |     2 |       |       |       ||     2
       Plate armour      |    46 |    52 |   161 |   175 ||   434
Dodge: Dodged            |    47 |    25 |    75 |   114 ||   261

Levels and vault maps discovered:
D:1:      mrwooster_arrival_statue_3, layout_basic,
          chequers_serial_rivers_marsh, hangedman_decor_lopped,
          serial_bayou_pond_d
D:2:      layout_rooms, nicolae_ashenzari_panopticon, st_stairs_4
D:3:      layout_basic, nicolae_overflow_hidden_temple, first_ration,
          led_sif_pool
D:4:      layout_gridville, minmay_misc_feat_pillars, minmay_manual_mess,
          uniq_grinder
D:5:      minmay_skewed_foursquare, layout_basic, okawaru_trees_2,
          uniq_menkaure, uniq_blork_the_orc, uniq_eustachio, uniq_ijyb,
          uniq_sigmund, uniq_prince_ribbit1
D:6:      layout_gridville, vehumet_statue, minmay_temple_entry_poolview,
          enter_ossuary_5, uniq_duvessa
D:7:      layout_basic, fedhas_bush_and_centaur_altar, serial_co_window_serial,
          co_window_paths_a, co_window_of_opportunity_a,
          co_window_of_opportunity_a, co_window_cross_1,
          co_window_of_opportunity_a, co_window_paths_a,
          co_window_of_opportunity_a, co_window_broadway_a, co_window_2corner,
          co_window_cross_4, co_window_2corner, co_window_corner_ca,
          co_window_2corner, co_window_paths_c, glass_columns_a,
          glass_columns_b, glass_columns_c, glass_columns_a, glass_columns_a,
          due_unseen_surprise
D:8:      layout_gridville, grunt_temple_overflow_open,
          erik_lair_orcish_takeover, serial_shops, shop_fountains,
          david_nohive_1
D:9:      corexii_shack_village, layout_stronghold, orc_0_dummy, serial_shops,
          shop, chequers_serial_rivers_large_b, tso_altar, uniq_gastronok
D:10:     layout_cave_pools, serial_shops, nicolae_shop_trees
Lair:1:   layout_chaotic_city, beast_lair_carwin_7, lemuel_fruit_fields

Notes
Turn   | Place    | Note
-------+----------+-------------------------------------------
     0 | D:1      | Craser22 the Minotaur Berserker began the quest for the
                  | Orb.
     0 | D:1      | Reached XP level 1. HP: 19/19 MP: 0/0
    49 | D:1      | Reached skill level 4 in Axes
   139 | D:1      | Reached XP level 2. HP: 18/26 MP: 1/1
   373 | D:1      | Reached skill level 5 in Axes
   702 | D:1      | Reached XP level 3. HP: 31/31 MP: 2/2
   907 | D:2      | Reached ** piety under Trog
  1289 | D:2      | Found a shattered altar of Ashenzari.
  1720 | D:3      | Found a deep blue altar of Sif Muna.
  1771 | D:3      | Reached skill level 6 in Axes
  1771 | D:3      | Reached XP level 4. HP: 35/39 MP: 3/3
  2167 | D:3      | Found a white marble altar of Elyvilon.
  2168 | D:3      | Found a glowing silver altar of Zin.
  2528 | D:4      | Noticed a hippogriff
  2547 | D:4      | Killed a hippogriff
  2547 | D:4      | Reached skill level 8 in Axes
  2547 | D:4      | Reached XP level 5. HP: 17/45 MP: 4/4
  2547 | D:4      | Reached XP level 6. HP: 19/51 MP: 5/5
  2798 | D:4      | Reached skill level 9 in Axes
  3250 | D:4      | Reached XP level 7. HP: 53/57 MP: 6/6
  3328 | D:4      | Reached skill level 10 in Axes
  3400 | D:4      | Reached *** piety under Trog
  3802 | D:4      | Reached skill level 11 in Axes
  3900 | D:4      | Noticed Grinder
  3911 | D:4      | Paralysed by Grinder for 5 turns
  3925 | D:4      | Killed Grinder
  3925 | D:4      | Reached XP level 8. HP: 39/64 MP: 7/7
  4224 | D:5      | Entered Level 5 of the Dungeon
  4266 | D:5      | Noticed Menkaure
  4266 | D:5      | Noticed Eustachio
  4276 | D:5      | Killed Eustachio
  4276 | D:5      | Reached skill level 12 in Axes
  4279 | D:5      | Killed Menkaure
  4462 | D:5      | Found an iron altar of Okawaru.
  4529 | D:5      | Noticed Blork the orc
  4541 | D:5      | Killed Blork the orc
  4541 | D:5      | Reached **** piety under Trog
  4610 | D:5      | Noticed Ijyb
  4611 | D:5      | Noticed Sigmund
  4615 | D:5      | Killed Sigmund
  4615 | D:5      | Reached skill level 13 in Axes
  4620 | D:5      | Killed Ijyb
  4702 | D:5      | Noticed Prince Ribbit
  5110 | D:5      | Killed Prince Ribbit
  5305 | D:5      | Reached XP level 9. HP: 67/70 MP: 8/8
  5469 | D:6      | Reached skill level 14 in Axes
  5470 | D:6      | Found a sand-covered staircase.
  5475 | Ossuary  | Entered an ossuary
  6132 | D:6      | Reached skill level 15 in Axes
  6682 | D:6      | Found a staircase to the Ecumenical Temple.
  6699 | D:6      | Reached ***** piety under Trog
  6933 | D:6      | Noticed Duvessa
  6934 | D:6      | Found a radiant altar of Vehumet.
  6934 | D:6      | Noticed Dowan
  6946 | D:6      | Killed Duvessa
  6962 | D:6      | Killed Dowan
  7279 | D:7      | Reached skill level 16 in Axes
  7586 | D:7      | Reached skill level 4 in Fighting
  7586 | D:7      | Reached skill level 3 in Armour
  7785 | D:7      | Reached XP level 10. HP: 72/80 MP: 9/9
  7843 | D:7      | Found a blossoming altar of Fedhas.
  7864 | D:7      | Reached skill level 4 in Armour
  8046 | D:7      | Reached skill level 5 in Fighting
  8492 | D:8      | Found Niamm's Jewellery Emporium.
  8548 | D:8      | Received a gift from Trog
  8548 | D:8      | Reached skill level 5 in Armour
  9226 | D:8      | Found a deep blue altar of Sif Muna.
  9230 | D:8      | Found an opulent altar of Gozag.
  9322 | D:8      | Found a staircase to the Lair.
  9341 | D:8      | Reached skill level 17 in Axes
 10035 | D:9      | Paralysed by a hornet for 2 turns
 10150 | D:9      | Received a gift from Trog
 10287 | D:9      | Found a glowing golden altar of the Shining One.
 10344 | D:9      | Noticed Gastronok
 10362 | D:9      | Killed Gastronok
 10362 | D:9      | Reached skill level 18 in Axes
 10362 | D:9      | Reached XP level 11. HP: 69/89 MP: 3/10
 10547 | D:9      | Found Lewkuly's Assorted Antiques.
 10555 | D:9      | Bought a scroll of identify for 56 gold pieces
 10585 | D:9      | Found a staircase to the Orcish Mines.
 11061 | D:10     | Entered Level 10 of the Dungeon
 11078 | D:10     | Received a gift from Trog
 11186 | D:10     | Reached skill level 19 in Axes
 11253 | D:10     | Reached skill level 6 in Fighting
 11556 | D:10     | Found Omov's General Store.
 11559 | D:10     | Bought a scroll of identify for 30 gold pieces
 11559 | D:10     | Bought a scroll of identify for 30 gold pieces
 11559 | D:10     | Bought a scroll of identify for 30 gold pieces
 11793 | Lair:1   | Entered Level 1 of the Lair of Beasts
 11802 | Lair:1   | Reached skill level 6 in Armour
 12101 | Lair:1   | Noticed a four-headed hydra
 12114 | Lair:1   | HP: 13/136 [nine-headed hydra (9)]
 12115 | Lair:1   | Killed a ten-headed hydra
 12115 | Lair:1   | Reached skill level 7 in Fighting
 12127 | Lair:1   | HP: 7/92 [bullfrog (4)]
 12129 | Lair:1   | Mangled by a komodo dragon

Vanquished Creatures
  Gastronok (D:9)
  A hydra (Lair:1)
  A komodo dragon (Lair:1)
  A troll (D:10)
  A queen bee (D:8)
  Grinder (D:4)
  A hornet (D:9)
  A hippogriff (D:4)
  Prince Ribbit (D:5)
  Sigmund (D:5)
  Eustachio (D:5)
  11 yaks
  A wraith (D:8)
  A hungry ghost (D:9)
  Menkaure (D:5)
  3 wargs (D:8)
  Duvessa (D:6)
  4 ice beasts
  A black bear (D:8)
  2 orc warriors
  5 sky beasts
  4 phantoms
  3 centaurs
  4 ogres
  Blork the orc (D:5)
  A big kobold (D:7)
  6 elf zombies (Ossuary)
  6 bullfrogs
  Dowan (D:6)
  2 wyvern skeletons (D:9)
  8 scorpions
  8 wights (D:9)
  18 killer bees
  A howler monkey (D:4)
  6 crimson imps
  3 human zombies (Ossuary)
  3 centaur zombies (Ossuary)
  6 hounds
  11 orc wizards
  2 gnoll shamans
  7 orc priests
  2 bullfrog skeletons
  5 iguanas
  4 centaur skeletons
  Ijyb (D:5)
  3 worker ants
  A killer bee zombie (D:6)
  3 mummies (Ossuary)
  15 gnolls
  7 adders
  A howler monkey skeleton (D:9)
  6 shadow imps
  An adder zombie (D:6)
  4 worms
  3 dart slugs
  6 leopard geckos
  25 orcs
  5 bats
  5 giant cockroaches
  6 goblins
  9 hobgoblins
  8 jackals
  5 quokkas
  A ball python (D:4)
  4 frilled lizards
  12 kobolds
  A leopard gecko skeleton (D:9)
  A quokka skeleton (D:5)
  8 rats
  A bush (D:7)
295 creatures vanquished.
